Map: Abyssal Reef LE

Players

WeAreLegion - Winner!

  • Race: Terran Terran
  • League: Silver
  • Spawn Location: 5:00

NomadicDruid

  • Race: Terran Terran
  • League: Gold
  • Spawn Location: 11:00

VOD

Have the link to the VOD?

Description

Time

  • Played on: Dec. 13, 2024, 9:11 p.m.
  • Length: 12:38
Show
View Real Time Build Order
Export as new Build Order

WeAreLegion Terran - Winner!

Build Orders: Reaper Expand 

Get SALT Encoding   

  12  0:00  SCV  
  13  0:13  SCV  
  14  0:17  Supply Depot  
  14  0:25  SCV  
  15  0:39  SCV  
  15  0:40  Barracks  
  16  0:47  Refinery  
  16  0:51  SCV  
  17  1:03  SCV  
  18  1:15  SCV  
  19  1:27  Orbital Command  
  19  1:32  Reaper  
  20  1:55  SCV  
  20  1:56  Command Center  
  21  2:06  Bunker  
  21  2:10  Supply Depot, Reaper  
  22  2:21  Barracks  
  22  2:22  SCV  
  23  2:34  SCV  
  24  2:44  Factory  
  24  2:46  SCV  
  24  2:47  Barracks Reactor  
  25  2:53  Refinery  
  25  2:58  SCV  
  26  3:10  SCV, Refinery  
  26  3:12  Barracks Tech Lab  
  27  3:22  SCV  
  27  3:23  Orbital Command  
  27  3:26  Marine x2  
  30  3:35  SCV  
  31  3:43  Marine  
  31  3:45  Marine  
  31  3:46  Factory Tech Lab  
  31  3:47  SCV  
  34  3:50  Starport  
  34  3:51  SCV  
  35  3:59  SCV  
  35  4:01  Engineering Bay  
  36  4:03  SCV  
  36  4:06  Marine  
  36  4:07  Marine  
  36  4:09  Stimpack  
  39  4:11  SCV  
  39  4:15  SCV  
  41  4:23  SCV  
  42  4:27  Refinery  
  42  4:28  SCV  
  43  4:31  Medivac  
  43  4:34  Marine  
  46  4:49  Supply Depot x2  
  46  4:57  Marine x3  
  46  4:58  Siege Tank, SCV x2  
  54  5:04  Starport Tech Lab  
  54  5:10  SCV x2  
  56  5:15  Marine x3  
  59  5:22  SCV x2  
  61  5:30  Raven, Siege Tank  
  61  5:33  Marine x3  
  61  5:34  SCV  
  70  5:36  Barracks  
  70  5:41  Barracks  
  70  5:45  Supply Depot  
  70  5:47  Supply Depot  
  70  6:02  Siege Tank, Marine, Marauder, SCV x2  
  78  6:07  Supply Depot, Marine  
  78  6:09  Supply Depot  
  79  6:14  Raven, SCV  
  79  6:15  Combat Shield  
  82  6:20  SCV, Marine  
  82  6:23  Marine  
  82  6:25  Marine  
  86  6:26  SCV  
  86  6:32  SCV  
  82  6:41  Marauder  
  82  7:01  Marine  
  82  7:02  Marine x2  
  85  7:16  Widow Mine  
  85  7:19  Marine x2  
  85  7:21  Marauder  
  84  7:37  Marine x2, Widow Mine  
  84  7:42  Marauder  
  89  7:50  Marine  
  90  7:55  Marine x2  
  90  7:56  Medivac  
  90  7:57  Medivac  
  96  7:59  Widow Mine  
  96  8:01  Barracks  
  96  8:02  Barracks  
  96  8:03  Marauder  
  96  8:05  Supply Depot  
  100  8:06  Supply Depot  
  100  8:07  Marine  
  101  8:13  Marine x2  
  103  8:25  Marauder  
  103  8:26  Marauder, Medivac x2  
  108  8:30  Supply Depot  
  108  8:31  Supply Depot, Marine  
  97  8:46  Marauder  
  97  8:47  Marauder  
  97  8:48  Marine x2  
  94  8:49  Siege Tank  
  94  8:56  Medivac x2  
  97  9:06  Marine x2  
  97  9:08  Marauder  
  97  9:09  Marauder  
  101  9:22  Siege Tank  
  101  9:24  Marine x2  
  104  9:26  Medivac x2  
  104  9:29  Marauder  
  104  9:30  Marauder  
  114  9:41  Marine  
  114  9:42  Marine  
  116  9:50  Marauder  
  116  9:51  Marauder  
  120  9:54  Siege Tank  
  120  9:59  Marine  
  120  10:00  Marine  
  111  10:12  Marine, Marauder  
  107  10:26  Siege Tank  
  103  10:31  Marauder  
  103  10:35  Viking x2  
  98  11:05  Viking x2  
  95  11:12  Marine x4  
  95  11:13  Siege Tank  
  98  11:29  Marine x2  
  98  11:30  Marauder x2  
  104  11:35  Viking x2  
  108  11:45  Siege Tank  
  108  11:46  Command Center  
  111  11:47  Marine x2, Command Center, Armory  
  111  11:48  Engineering Bay  
  111  11:52  Marauder x2  
  111  11:53  Command Center  
  116  11:54  Armory  
  114  12:05  Marine x2  
  107  12:13  Marauder x2  
Show
View Real Time Build Order
Export as new Build Order

NomadicDruid Terran 

Build Orders:  

Get SALT Encoding   

  12  0:01  SCV  
  13  0:13  SCV  
  14  0:17  Supply Depot  
  14  0:25  SCV  
  15  0:31  Refinery  
  15  0:39  SCV  
  16  0:45  Engineering Bay  
  16  0:51  SCV  
  16  0:56  Refinery  
  17  1:03  SCV  
  18  1:15  SCV  
  18  1:18  Supply Depot  
  19  1:27  SCV  
  20  1:36  Barracks  
  21  1:40  SCV  
  21  1:52  SCV  
  22  2:02  Hi-Sec Auto Tracking  
  22  2:04  Planetary Fortress  
  22  2:14  Barracks  
  22  2:28  Factory  
  22  2:30  Barracks Tech Lab  
  22  2:41  SCV  
  23  2:53  SCV  
  23  2:58  Marauder  
  26  3:04  Barracks Reactor  
  26  3:09  Combat Shield  
  26  3:15  Factory Tech Lab  
  26  3:19  Marauder  
  28  3:28  Missile Turret  
  28  3:30  SCV  
  29  3:41  Marauder  
  31  3:42  Neosteel Armor  
  31  3:49  Missile Turret  
  31  4:06  Supply Depot  
  31  4:09  Supply Depot  
  31  4:12  Supply Depot  
  31  4:22  Armory  
  31  4:27  Marine x3  
  31  4:28  SCV  
  35  4:32  Factory  
  35  4:52  Missile Turret  
  35  4:54  Missile Turret  
  35  5:06  Missile Turret  
  35  5:26  Command Center  
  35  5:29  Terran Vehicle Weapons Level 1  
  35  5:35  Terran Infantry Weapons Level 1  
  35  5:45  Factory Tech Lab  
  35  5:51  Armory  
  35  6:08  Thor  
  41  6:22  Marine x2  
  41  6:23  Marine  
  43  6:40  Marine x2  
  43  6:42  Marauder  
  47  7:03  Thor  
  47  7:06  Thor  
  59  7:19  Refinery  
  59  7:24  Refinery  
  48  7:41  Planetary Fortress  
  40  7:47  SCV  
  41  7:53  Terran Vehicle Weapons Level 2  
  41  7:59  SCV  
  42  8:11  SCV  
  43  8:18  SCV  
  44  8:23  SCV  
  45  8:30  SCV  
  37  8:35  SCV  
  31  8:42  SCV  
  31  8:47  SCV  
  33  8:54  SCV  
  31  8:59  SCV  
  32  9:17  Thor x2  
  32  9:20  Marine x2  
  32  9:21  Marine  
  47  9:26  Terran Vehicle And Ship Armor Level 1  
  47  9:38  Marine x3  
  44  10:21  Thor x2  
  44  10:24  Marine x3  
  56  10:42  SCV x2, Marine x3  
  55  10:54  SCV x2  
  48  10:59  Marine  
  48  11:00  Marine x2  
  51  11:06  SCV x2  
  53  11:17  Marine  
  53  11:18  SCV, Marine  
  55  11:25  Factory x2  
  55  11:26  SCV  
  55  11:30  SCV  
  57  11:38  SCV  
  58  11:41  Thor  
  58  11:42  SCV  
  65  11:50  SCV  
  50  12:12  Marine x3  
Tags
 
Matchup
TvT
Race
Terran
Replay Pack
December
Spawn Locations
Cross Positions
Add a new tag
Caveats
  • Supply blocks, unpowered buildings, or Contaminate may cause inaccurate times.
  • Supply counts are checked every 10 seconds.